 Dungeon Crawl Stone Soup version 0.31-a0-844-gdc52ec4e09 (webtiles) character file.

Game seed: 17249650830638686280

21 Nedwor the Ducker (level 2, -5/23 HPs)
             Began as a Merfolk Gladiator on Sept 28, 2023.
             Slain by a gnoll
             ... wielding a +0 whip
              (6 damage)
             ... on level 1 of the Dungeon.
             The game lasted 00:00:37 (433 turns).

Nedwor the Ducker (Merfolk Gladiator)                Turns: 433, Time: 00:00:38

Health: -5/23      AC:  4    Str: 14    XL:     2   Next: 83%
Magic:  2/2        EV: 13    Int:  7    God:
Gold:   60         SH:  0    Dex: 15    Spells: 1/1 levels left

rFire   . . .        a - +0 long sword
rCold   . . .        (no shield)
rNeg    . . .        b - +0 leather armour
rPois   .            c - +0 helmet
rElec   .            (no cloak)
rCorr   .            (no gloves)
SInv    .            (no boots)
Will    .....        (no amulet)
Stlth   +            (no ring)
HPRegen 0.23/turn    (no ring)
MPRegen 0.08/turn

%: no passive effects
@: no status effects
A: (nimble swimmer 2), mertail
a: no special abilities


You were on level 1 of the Dungeon.
You visited 1 branch of the dungeon, and saw 1 of its levels.

You collected 60 gold pieces.

Inventory:

Hand Weapons
 a - a +0 long sword (weapon)
Missiles
 d - 3 throwing nets (quivered)
 e - a javelin
Armour
 b - a +0 leather armour (worn)
 c - a +0 helmet (worn)
Scrolls
 f - 3 scrolls of noise {unknown}
Potions
 g - 2 potions of curing {unknown}
 h - a potion of heal wounds {unknown}
 i - a potion of resistance {unknown}


   Skills:
 + Level 2.5 Fighting
 * Level 4.3 Long Blades
 - Level 2.0 Throwing
 + Level 4.3 Dodging


You had one spell level left.
You didn't know any spells.
Your spell library contained the following spells:

 Spells                   Type           Power      Damage    Failure   Level
 Brom's Barrelling Bould  Conj/Erth      0%         2d3       99%         4
 Fireball                 Conj/Fire      0%         3d3       100%        5
 Iskenderun's Battlesphe  Conj           0%         2d6       100%        5
 Conjure Ball Lightning   Conj/Air       0%         3x3d6     100%        6
 Orb of Destruction       Conj           0%         9d5       100%        7


Dungeon Overview and Level Annotations

Branches:
Dungeon (1/15)

Altars:


Innate Abilities, Weirdness & Mutations

((You are very nimble when in or above water. (Stealth+, EV+, Speed+++)))
Your lower body shifts to a powerful aquatic tail in water.


Message History

You closely miss the gnoll.
The gnoll is lightly wounded.
The hobgoblin misses you. The gnoll barely misses you.
You slash the gnoll!
The gnoll is almost dead.
The hobgoblin hits you but does no damage.
The gnoll hits you with a +0 whip.
You are too injured to fight recklessly!
You are too injured to fight recklessly!
You are too injured to fight recklessly!
You are too injured to fight recklessly!
You are too injured to fight recklessly!
You are too injured to fight recklessly!
You are too injured to fight recklessly!
You are too injured to fight recklessly!
You are too injured to fight recklessly!
You are too injured to fight recklessly!
You are too injured to fight recklessly!
You are too injured to fight recklessly!
You are too injured to fight recklessly!
You are too injured to fight recklessly!
You are too injured to fight recklessly!
You are too injured to fight recklessly!
You barely miss the gnoll.
The gnoll is almost dead.
The hobgoblin misses you. The gnoll hits you with a +0 whip.
You hit the hobgoblin.
The hobgoblin is heavily wounded.
The hobgoblin closely misses you. The gnoll hits you with a +0 whip.
The hobgoblin hits you.
* * * LOW HITPOINT WARNING * * *
The gnoll hits you but does no damage.
You hit the gnoll.
The gnoll is almost dead.
The hobgoblin closely misses you. The gnoll hits you with a +0 whip.
* * * LOW HITPOINT WARNING * * *
You hit the hobgoblin.
You kill the hobgoblin!
The gnoll hits you with a +0 whip.
You die...

#........# #÷......
########.# #...[...
#######'## #.......
#........###.......
#..................
######..................
#.[.....................
#.............#########.
#.....†@####.## #.
#.....g.# #.# #.
#.......# #.# ##
#.......# #.# #########
#.###########
#............
#############


You could see a gnoll.

Vanquished Creatures
  A dart slug (D:1)
  An endoplasm (D:1)
  3 goblins (D:1)
  6 hobgoblins (D:1)
  3 kobolds (D:1)
  2 rats (D:1)
16 creatures vanquished.

Notes
Turn   | Place    | Note
-------+----------+-------------------------------------------
     0 | D:1      | Nedwor the Merfolk Gladiator began the quest for the Orb.
     0 | D:1      | Reached XP level 1. HP: 16/16 MP: 1/1
   124 | D:1      | Reached XP level 2. HP: 23/23 MP: 2/2
   432 | D:1      | HP: 1/23 [gnoll/+0 whip (4)]
   433 | D:1      | Slain by a gnoll

Illustrated notes

Levels and vault maps discovered:
D:1:      orjb1_lava_funnel, layout_basic

Skill      XL: |  1 |
---------------+----+-----
Long Blades    | 4 |  4.3
Fighting       | |  2.5
Throwing       | |  2.0
Dodging        | |  4.3

Action                     || total
---------------------------++-------
  Melee: Long sword        ||    43
   Stab: Sleeping          ||     1
 Armour: Leather armour    ||    27
  Dodge: Dodged            ||    31

Table legend: (Time is in decaauts)
 A = Elapsed time spent in this place.
 B = Non-inter-level travel time spent in this place.
 C = Inter-level travel time spent in this place.
 D = Time resting spent in this place.
 E = Time spent auto-exploring this place.
 F = Levels seen in this place.
 G = Mean time per level.
                   A        B        C        D        E       F      G
               +--------+--------+--------+--------+--------+-----+--------+
         Total |    441 |    441 |      0 |      0 |    321 |   1 |  441.0 |
       Dungeon |    441 |    441 |      0 |      0 |    321 |   1 |  441.0 |
               +--------+--------+--------+--------+--------+-----+--------+

Top non-repeatable levels by time:
     D:1: 441 daAuts
